 Dungeon Crawl Stone Soup version 0.24.0-13-gcf9b3192b9 (webtiles) character file.

Game seed: 12311993533276477783, levelgen mode: deterministic

172 Aelig the Slinger (level 5, -6/34 HPs)
             Began as a Halfling Hunter on Nov 10, 2019.
             Shot with an arrow by a centaur (11 damage)
             ... on level 3 of the Dungeon.
             The game lasted 00:06:39 (2736 turns).

Aelig the Slinger (Halfling Hunter)                 Turns: 2736, Time: 00:06:40

Health: -6/34      AC:  4    Str: 13    XL:     5   Next: 82%
Magic:  5/5        EV: 15    Int:  9    God:
Gold:   160        SH:  0    Dex: 16    Spells: 4/4 levels left

rFire    . . .     SeeInvis .   b - +0 short sword
rCold    . . .     Gourm    .   (shield restricted)
rNeg     . . .     Faith    .   c - +0 leather armour
rPois    .         Spirit   .   o - +0 hat
rElec    .         Reflect  .   (no cloak)
rCorr    .         Harm     .   m - +0 pair of gloves
MR       .....                  (no boots)
Stlth    ++........             (no amulet)
HPRegen  0.11/turn              (no ring)
MPRegen  0.09/turn              (no ring)

@: no status effects
A: small, mutation resistance 1
a: no special abilities


You were on level 3 of the Dungeon.
You were not hungry.

You visited 1 branch of the dungeon, and saw 3 of its levels.

You collected 160 gold pieces.

Inventory:

Hand Weapons
 a - a +1 hunting sling
 b - a +0 short sword (weapon)
Missiles
 d - 76 sling bullets
 g - 49 stones (quivered)
Armour
 c - a +0 leather armour (worn)
 m - a +0 pair of gloves (worn)
 o - a +0 hat (worn)
Wands
 l - a wand of scattershot (2)
Scrolls
 k - a scroll of teleportation {unknown}
 n - a scroll of enchant weapon {unknown}
 p - a scroll of immolation {unknown}
 r - a scroll of enchant armour {unknown}
 t - 2 scrolls of remove curse {unknown}
Potions
 e - a potion of haste
 h - a potion of mutation
 i - 2 potions of heal wounds
 j - a potion of lignification
 q - a potion of might
Comestibles
 f - 3 rations
 s - 3 chunks of flesh


   Skills:
 - Level 2.0 Fighting
 + Level 9.2 Slings
 - Level 2.4 Dodging
 - Level 1.4 Stealth


You had 4 spell levels left.
You didn't know any spells.
Your spell library was empty.

Dungeon Overview and Level Annotations

Branches:
Dungeon (3/15)

Altars:


Innate Abilities, Weirdness & Mutations

You are small and have problems with some larger weapons.
You are somewhat resistant to further mutation.


Message History

The giant cockroach misses you.
You hit the giant cockroach but do no damage.
The giant cockroach is severely wounded.
You feel sick. The giant cockroach bites you.
* * * LOW HITPOINT WARNING * * *
You hit the giant cockroach but do no damage.
The giant cockroach is severely wounded.
The giant cockroach closely misses you. x2
You closely miss the giant cockroach.
The giant cockroach is severely wounded.
The giant cockroach barely misses you.
You hit the giant cockroach.
The giant cockroach is almost dead.
The giant cockroach completely misses you.
You feel sick.
You are no longer poisoned.
You see here an adder corpse.
The giant cockroach closely misses you.
The centaur shoots an arrow.
The arrow hits you!
You die...

.##...#####..####<....
.##.### ##......#... .
.#..# ##....!..# .. ##.##
##†###..#. . ##.# ##†# ...
.. #..# #.c###.##... #.##
#.#.......# #.#
##...#.s.....# #.#
...###.@.....# #.# ##.##
#.......# #.# #..
#.......# #.# #.####
######### #.# #....# #.#
####....# ######..#
#.###.......######........
...##.###........[.####.#
......# #...#####..#....##


You could see a centaur and a giant cockroach.

Vanquished Creatures
  Ijyb (D:3)
  Terence (D:2)
  6 adders
  An ooze (D:2)
  2 worms
  A dart slug (D:1)
  2 leopard geckos (D:1)
  An orc (D:3)
  5 bats
  2 giant cockroaches (D:2)
  2 goblins (D:2)
  5 hobgoblins
  9 jackals (D:2)
  3 quokkas (D:2)
  3 frilled lizards
  4 kobolds
  8 rats
56 creatures vanquished.

Notes
Turn   | Place    | Note
-------+----------+-------------------------------------------
     0 | D:1      | Aelig the Halfling Hunter began the quest for the Orb.
     0 | D:1      | Reached XP level 1. HP: 14/14 MP: 1/1
   203 | D:1      | Reached skill level 6 in Slings
   203 | D:1      | Reached XP level 2. HP: 18/19 MP: 2/2
   847 | D:2      | Reached XP level 3. HP: 24/24 MP: 3/3
  1009 | D:2      | Reached skill level 7 in Slings
  1083 | D:2      | Reached XP level 4. HP: 25/29 MP: 4/4
  1484 | D:2      | Reached skill level 8 in Slings
  1781 | D:2      | Reached XP level 5. HP: 34/34 MP: 5/5
  1863 | D:2      | Noticed Terence
  1884 | D:2      | Killed Terence
  2345 | D:3      | Noticed a centaur
  2505 | D:3      | Noticed Ijyb
  2529 | D:3      | Killed Ijyb
  2529 | D:3      | Reached skill level 9 in Slings
  2736 | D:3      | Shot with an arrow by a centaur

Levels and vault maps discovered:
D:1:      dpeg_arrival_rooms_a, layout_basic, minmay_split_cup_small
D:2:      minmay_chambers_of_twos, layout_basic, uniq_terence
D:3:      layout_rooms, gammafunk_temple_overflow_wave, vehumet_crystals,
          nicolae_ru_awakened_eye, uniq_ijyb

Skill      XL: |  1  2  3  4  5 |
---------------+----------------+-----
Fighting       | 2 |  2.0
Slings         | 6 7 8 9 |  9.2
Dodging        | |  2.4
Stealth        | |  1.4

Action                   |  1- 3 |  4- 6 || total
-------------------------+-------+-------++-------
Melee: Short sword       |    32 |   106 ||   138
 Fire: Hunting sling     |    46 |    85 ||   131
  Use: Scroll            |       |     4 ||     4
       Potion            |       |     1 ||     1
  Eat: Chunk             |       |     4 ||     4
       Ration            |       |     1 ||     1
Armor: Leather armour    |    10 |    36 ||    46
Dodge: Dodged            |    42 |   122 ||   164
